 Dungeon Crawl Stone Soup version 0.17.1-1-g73c8601 (webtiles) character file.

128 Goblin1989 the Poker (level 4, -8/36 HPs)
             Began as a Centaur Gladiator on Dec 25, 2015.
             Shot with an arrow by a centaur (9 damage)
             ... on level 4 of the Dungeon.
             The game lasted 00:04:54 (2184 turns).

Goblin1989 the Poker (Centaur Gladiator)            Turns: 2184, Time: 00:04:54

Health: -8/36      AC:  5    Str: 18    XL:     4   Next: 87%
Magic:  4/4        EV:  9    Int:  7    God:
Gold:   86         SH:  0    Dex: 10    Spells: 0 memorised, 3 levels left

rFire  + . .     SeeInvis .     a - +0 trident
rCold  . . .     Clarity  .     b - +0 leather armour
rNeg   . . .     SustAt   .     (no shield)
rPois  .         Gourm    .     c - +0 helmet
rElec  .         Spirit   .     (no cloak)
rCorr  .         Warding  .     (no gloves)
rMut   .         Stasis   +     (no barding)
MR     .....                    f - amulet of stasis
Stlth  ..........               (no ring)
                                n - ring of protection from fire

@: very quick, not resistant to hostile enchantments, extremely unstealthy
A: hooves 3, deformed body, speed 2, tough skin 3
a: no special abilities


You were on level 4 of the Dungeon.
You were not hungry.

You visited 1 branch of the dungeon, and saw 4 of its levels.

You collected 86 gold pieces.

Inventory:

Hand Weapons
 a - a +0 trident (weapon)
Missiles
 d - 3 throwing nets (quivered)
Armour
 b - a +0 leather armour (worn)
 c - a +0 helmet (worn)
Jewellery
 f - an amulet of stasis (around neck)
 n - a ring of protection from fire (left hand)
 t - an uncursed ring of teleportation
Scrolls
 h - 2 scrolls of teleportation
 k - a scroll of noise
 m - 2 scrolls of identify
 o - a scroll of fear
 q - a scroll of magic mapping {unknown}
 r - a scroll of blinking {unknown}
Potions
 i - 2 potions of magic
 j - a potion of curing {unknown}
 p - a potion of heal wounds {unknown}
 s - 2 potions of agility {unknown}
Comestibles
 e - a bread ration
 l - a royal jelly


   Skills:
 - Level 2.0 Fighting
 + Level 5.1 Polearms
 - Level 2.1 Throwing
 - Level 2.1 Dodging


You had 3 spell levels left.
You didn't know any spells.

Dungeon Overview and Level Annotations

Branches:
Dungeon (4/15)
 Temple: D:4-7

Altars:
Elyvilon

Annotations:
D:3 PinkishYellow's ghost, amateur DrIE


Innate Abilities, Weirdness & Mutations

You have hooves in place of feet.
Armour fits poorly on your strangely shaped body.
You cover ground very quickly.
You have extremely tough skin (AC +3).


Message History

You are too injured to fight recklessly!
You are too injured to fight recklessly!
You are too injured to fight recklessly!
You are too injured to fight recklessly!
You are too injured to fight recklessly!
You are too injured to fight recklessly!
You see here 2 arrows.
You barely miss the giant gecko. You kick the giant gecko.
The giant gecko is severely wounded.
The giant gecko hisses menacingly.
The giant gecko bites you.
* * * LOW HITPOINT WARNING * * *
You puncture the giant gecko!
You kill the giant gecko!
The centaur shoots an arrow.
The arrow hits you.
* * * LOW HITPOINT WARNING * * *
The arrow freezes you.
* * * LOW HITPOINT WARNING * * *
The centaur shoots an arrow.
The arrow hits you!
You die...

###.......####.#
#.#...#.# ...
###.#...#.# #.#
........#.# ..#
#.......# .#
####...###
#.....##
#>##.###########
#.#.....c†(@.....#
#......#########.#
#.....### ......
...... ..... .....
.


You could see a centaur.

Vanquished Creatures
  2 hounds (D:4)
  3 adders
  A worm (D:2)
  3 giant geckos
  An orc (D:4)
  3 bats
  4 hobgoblins
  A quokka (D:4)
  4 giant cockroaches
  A giant newt (D:4)
  2 goblins (D:1)
  5 kobolds (D:1)
  5 rats
35 creatures vanquished.

Notes
Turn   | Place    | Note
--------------------------------------------------------------
     0 | D:1      | Goblin1989 the Centaur Gladiator began the quest for the Orb.
     0 | D:1      | Reached XP level 1. HP: 17/17 MP: 1/1
   131 | D:1      | Reached skill level 3 in Polearms
   155 | D:1      | Reached XP level 2. HP: 24/24 MP: 2/2
   631 | D:2      | Found a white marble altar of Elyvilon.
  1073 | D:3      | Noticed a scorpion
  1371 | D:2      | Reached XP level 3. HP: 13/29 MP: 3/3
  1619 | D:3      | Noticed PinkishYellow's ghost (amateur DrIE)
  1882 | D:4      | Reached skill level 4 in Polearms
  2116 | D:4      | Reached XP level 4. HP: 32/36 MP: 4/4
  2134 | D:4      | Reached skill level 5 in Polearms
  2175 | D:4      | Noticed a centaur
  2183 | D:4      | HP: 1/36 [centaur/arrow (1)]
  2184 | D:4      | Shot with an arrow by a centaur

Action                   |  1- 3 |  4- 6 || total
-------------------------+-------+-------++-------
Melee: Trident           |   100 |    19 ||   119
  Use: Scroll            |       |     5 ||     5
  Eat: Beef jerky        |     1 |       ||     1
       Chunk             |     1 |       ||     1
